Map: Blackpink LE

Players

MicroAngelo - Winner!

  • Race: Zerg Zerg
  • League: Master
  • Spawn Location: 7:00

IIIIIIIII

  • Race: Terran Terran
  • League: Diamond
  • Spawn Location: 1:00

VOD

Have the link to the VOD?

Description

winter zvt

Time

  • Played on: April 24, 2018, 3:17 p.m.
  • Length: 16:29
Show
View Real Time Build Order
Export as new Build Order

MicroAngelo Zerg - Winner!

Build Orders: Hatch First 

Get SALT Encoding   

  12  0:01  Drone  
  13  0:13  Overlord  
  13  0:17  Drone  
  14  0:32  Drone x2  
  16  0:37  Drone  
  17  0:53  Hatchery  
  17  0:56  Drone  
  17  0:59  Drone  
  18  1:10  Extractor  
  17  1:14  Spawning Pool  
  17  1:17  Drone  
  17  1:21  Drone  
  18  1:30  Drone  
  19  1:39  Overlord  
  19  1:51  Drone  
  20  2:03  Queen  
  20  2:04  Zergling x2  
  20  2:05  Queen  
  20  2:06  Zergling x2  
  26  2:09  Metabolic Boost  
  26  2:31  Hatchery  
  26  2:32  Drone  
  25  2:37  Drone x2  
  28  2:44  Drone x2  
  28  2:50  Queen  
  30  2:58  Overlord  
  30  3:06  Drone x2  
  30  3:07  Drone x2  
  34  3:16  Queen  
  36  3:21  Drone x3  
  39  3:33  Queen  
  41  3:35  Overlord  
  41  3:39  Drone x3  
  44  3:43  Queen  
  46  3:54  Overlord  
  46  4:00  Zergling x8  
  46  4:01  Zergling x4  
  52  4:08  Queen, Baneling Nest  
  53  4:12  Drone x2  
  53  4:13  Drone  
  53  4:14  Drone  
  57  4:30  Overlord, Zergling x2  
  58  4:39  Overlord  
  58  4:46  Overlord  
  58  4:47  Lair  
  58  4:51  Evolution Chamber, Queen  
  58  4:52  Evolution Chamber  
  58  4:54  Baneling x2  
  58  4:58  Drone x2  
  58  4:59  Drone x6  
  66  5:12  Drone x6  
  66  5:13  Drone x2  
  68  5:21  Extractor, Spore Crawler  
  68  5:22  Zerg Melee Weapons Level 1, Extractor  
  68  5:23  Extractor, Zergling x2  
  68  5:28  Overlord, Zergling x2  
  66  5:33  Overlord  
  66  5:39  Overlord  
  66  5:47  Drone x7  
  66  5:48  Drone  
  74  5:53  Zerg Ground Armor Level 1  
  74  5:58  Baneling x2  
  74  6:00  Drone x6  
  80  6:07  Spore Crawler  
  80  6:08  Drone x4  
  83  6:13  Centrifical Hooks  
  83  6:28  Zergling x8  
  83  6:29  Hydralisk Den, Hatchery, Zergling x6  
  83  6:31  Baneling x2  
  87  6:44  Drone x3  
  89  6:48  Overseer  
  89  6:51  Zergling x2  
  89  7:04  Muscular Augments  
  89  7:07  Hatchery, Infestation Pit  
  87  7:08  Extractor  
  87  7:10  Overlord, Spine Crawler  
  87  7:11  Extractor  
  87  7:15  Overlord, Drone  
  84  7:16  Drone x2  
  84  7:18  Overlord x4  
  84  7:19  Overlord x3  
  87  7:24  Drone  
  87  7:29  Drone x3  
  91  7:30  Drone x2  
  91  7:32  Drone  
  91  7:35  Extractor  
  91  7:37  Drone x3  
  95  7:39  Spore Crawler  
  95  7:40  Extractor  
  95  7:41  Spine Crawler  
  87  7:46  Overlord  
  87  7:48  Hive, Zerg Melee Weapons Level 2  
  87  7:49  Drone x2  
  87  7:53  Hydralisk x3  
  87  7:58  Drone x4  
  96  8:04  Zerg Ground Armor Level 2  
  97  8:07  Spore Crawler  
  97  8:09  Overlord  
  97  8:10  Hydralisk  
  97  8:12  Hydralisk  
  100  8:20  Hydralisk x2  
  100  8:23  Hydralisk x3  
  100  8:26  Hydralisk  
  112  8:30  Hydralisk  
  112  8:31  Hydralisk x2  
  112  8:34  Zergling x4  
  120  8:36  Hydralisk  
  122  8:42  Queen  
  122  8:46  Pneumatized Carapace  
  122  8:48  Hydralisk x3  
  126  8:50  Zergling x2  
  131  8:57  Zergling x4  
  131  9:00  Zergling x4  
  132  9:09  Hydralisk  
  124  9:10  Zergling x6  
  124  9:11  Drone x5  
  124  9:12  Viper x3  
  124  9:13  Overlord  
  135  9:19  Overlord  
  135  9:24  Overlord  
  135  9:30  Adrenal Glands  
  135  9:31  Queen x2  
  139  9:46  Overseer x2  
  139  9:47  Overseer, Hatchery  
  139  9:49  Baneling  
  139  9:50  Baneling x15  
  138  9:56  Drone  
  138  9:58  Zergling x20  
  149  10:05  Zergling x2  
  149  10:06  Zergling x12  
  156  10:11  Grooved Spines  
  156  10:18  Spire  
  156  10:19  Hydralisk x3  
  156  10:20  Hydralisk  
  163  10:21  Zergling x2  
  164  10:29  Viper  
  164  10:31  Hydralisk x4  
  175  10:35  Zergling x2  
  175  10:36  Zergling x4  
  175  10:41  Hydralisk x3  
  184  10:50  Overseer  
  184  11:03  Overlord  
  184  11:05  Zerg Ground Armor Level 3, Zerg Melee Weapons Level 3  
  184  11:09  Baneling x5  
  184  11:13  Overlord  
  184  11:29  Drone x6  
  184  11:30  Drone  
  184  11:44  Greater Spire  
  184  11:45  Ultralisk Cavern  
  183  11:48  Overlord  
  183  11:54  Drone  
  184  11:56  Drone x5  
  184  11:58  Spine Crawler  
  184  12:00  Spine Crawler  
  186  12:02  Spine Crawler  
  186  12:07  Hatchery  
  157  12:27  Hydralisk x2  
  147  12:31  Corruptor x11  
  147  12:33  Drone x11  
  147  12:34  Drone  
  147  12:36  Extractor, Spore Crawler  
  171  12:38  Spine Crawler x2  
  171  12:41  Chitinous Plating  
  169  12:46  Overlord  
  169  12:53  Extractor, Zergling x4  
  169  12:54  Zergling x30  
  181  13:08  Brood Lord x5  
  191  13:19  Drone x2  
  193  13:26  Extractor  
  192  13:27  Extractor  
  189  13:42  Zerg Missile Weapons Level 1  
  189  13:45  Zergling x4  
  189  13:46  Zerg Flyer Weapons Level 1, Zergling x10  
  196  14:02  Overlord, Corruptor  
  194  14:04  Drone  
  194  14:07  Spine Crawler  
  194  14:08  Overlord  
  194  14:09  Overlord  
  196  14:10  Overseer x3  
  196  14:15  Hatchery  
  195  14:22  Zergling x2  
  195  14:23  Zergling x8  
  186  14:38  Hydralisk x5  
  186  14:39  Hydralisk x2  
  186  14:40  Zergling x2  
  178  15:02  Zergling x28  
  178  15:03  Hydralisk  
  178  15:05  Brood Lord  
  178  15:06  Brood Lord  
  196  15:08  Baneling x6  
  196  15:10  Overlord  
  196  15:21  Corruptor x2  
  200  15:38  Overlord  
  200  15:40  Baneling x7  
  200  15:41  Baneling x2  
  187  15:58  Zergling x2  
  187  16:00  Zergling x2  
  187  16:01  Zergling x24  
  199  16:07  Zergling x4  
Show
View Real Time Build Order
Export as new Build Order

IIIIIIIII Terran 

Build Orders: Gas First Reaper Expand, Hellion Opening, Mech 

Get SALT Encoding   

  12  0:01  SCV  
  13  0:13  SCV  
  14  0:18  Supply Depot  
  14  0:26  SCV  
  15  0:32  Refinery  
  15  0:40  Barracks  
  15  0:45  SCV  
  16  0:58  SCV  
  17  1:10  SCV  
  18  1:22  SCV  
  19  1:27  Reaper  
  20  1:37  Orbital Command  
  20  1:49  Command Center  
  20  2:04  Factory  
  20  2:11  SCV  
  21  2:16  Barracks Reactor  
  21  2:17  Supply Depot  
  21  2:24  SCV  
  21  2:25  Refinery  
  22  2:37  SCV  
  23  2:50  SCV  
  24  2:54  Starport  
  24  3:00  Orbital Command  
  24  3:02  SCV  
  24  3:04  Hellion x2  
  29  3:06  Barracks Tech Lab  
  29  3:20  SCV, Armory  
  30  3:32  Hellion x2  
  30  3:33  SCV  
  35  3:35  SCV  
  36  3:42  Viking  
  36  3:45  SCV  
  39  3:52  SCV  
  40  3:56  Hellion  
  40  3:57  Hellion  
  40  3:58  SCV  
  45  4:04  SCV  
  46  4:17  Cloaking Field  
  46  4:20  Terran Vehicle Weapons Level 1  
  46  4:26  Supply Depot  
  46  4:28  Supply Depot  
  46  4:33  Barracks Reactor  
  46  4:36  Factory  
  46  4:48  SCV, Hellion x2  
  46  4:49  SCV  
  46  4:51  Refinery  
  46  4:52  Command Center  
  52  5:01  SCV x2  
  54  5:14  SCV x2  
  55  5:18  Banshee  
  55  5:20  Factory Tech Lab  
  58  5:23  Factory  
  58  5:26  SCV  
  58  5:28  SCV  
  60  5:38  SCV  
  61  5:48  Supply Depot  
  61  5:58  Engineering Bay  
  61  6:04  Hellion x2, Siege Tank  
  68  6:18  Medivac x2  
  72  6:20  SCV  
  72  6:21  SCV  
  72  6:25  Refinery  
  74  6:33  SCV x2  
  63  6:51  Thor x2  
  63  6:53  Hellion x2  
  77  6:58  SCV  
  77  6:59  SCV x2  
  76  7:03  Medivac  
  71  7:10  SCV  
  71  7:11  SCV  
  71  7:13  SCV  
  74  7:20  Supply Depot  
  75  7:22  SCV, Supply Depot  
  75  7:23  Refinery  
  75  7:25  Planetary Fortress, Supply Depot  
  75  7:26  Refinery  
  75  7:33  Hellion x2  
  75  7:34  Medivac  
  81  7:37  SCV  
  82  7:47  SCV  
  79  7:51  SCV  
  79  8:00  SCV  
  79  8:01  Barracks Tech Lab  
  79  8:02  Infernal Pre-Igniter  
  79  8:03  SCV, Factory  
  81  8:05  Factory  
  81  8:12  SCV  
  82  8:15  SCV  
  82  8:16  SCV  
  84  8:24  SCV, Viking x2, Siege Tank  
  84  8:25  Hellion x2  
  96  8:27  SCV  
  96  8:28  SCV  
  96  8:31  Supply Depot  
  98  8:36  SCV  
  98  8:39  SCV  
  98  8:40  SCV  
  101  8:48  SCV  
  102  8:51  SCV  
  102  8:52  SCV, Factory Tech Lab  
  102  8:53  Factory Reactor  
  104  9:00  SCV  
  101  9:03  SCV  
  101  9:04  SCV  
  97  9:12  SCV  
  97  9:13  Siege Tank  
  97  9:14  Smart Servos  
  97  9:15  Siege Tank  
  97  9:16  Medivac x2  
  94  9:17  SCV  
  94  9:18  SCV  
  94  9:22  Command Center  
  96  9:24  SCV  
  96  9:25  Armory  
  96  9:29  Siege Tank, Command Center  
  96  9:30  SCV  
  96  9:31  Hellion x2  
  105  9:38  Neosteel Armor  
  105  9:40  Factory  
  105  9:46  Siege Tank  
  105  9:47  Hellion x2  
  105  9:48  Hellion  
  105  9:52  SCV  
  115  9:53  SCV  
  115  9:56  Supply Depot  
  115  9:59  Supply Depot x2  
  116  10:01  Terran Vehicle Weapons Level 2  
  116  10:11  Siege Tank x2  
  116  10:12  Hellion x2  
  116  10:14  SCV  
  127  10:19  SCV x2  
  129  10:26  SCV  
  130  10:31  SCV x2  
  132  10:45  Terran Vehicle And Ship Armor Level 1  
  132  10:46  Starport  
  132  10:49  Missile Turret, Refinery  
  132  10:50  Siege Tank x2  
  132  10:51  Hellion, Refinery  
  132  10:52  Missile Turret  
  132  10:56  Widow Mine x2  
  132  10:57  Widow Mine  
  146  11:10  Planetary Fortress  
  146  11:16  SCV  
  146  11:17  SCV  
  148  11:26  Siege Tank x2  
  148  11:27  Hellion x3  
  148  11:28  Starport Tech Lab  
  148  11:32  SCV x2  
  160  11:40  Widow Mine x2, Siege Tank  
  165  11:48  Widow Mine x2  
  165  11:51  SCV x2  
  165  11:53  SCV  
  172  11:56  Widow Mine  
  172  11:58  Siege Tank x2  
  179  12:03  Hellion  
  180  12:10  Siege Tank  
  180  12:12  Widow Mine  
  180  12:14  Siege Tank  
  161  12:16  Widow Mine  
  161  12:18  Hellion  
  141  12:24  Hellion  
  125  12:30  Siege Tank x2  
  125  12:34  Hellion  
  133  12:38  Widow Mine  
  133  12:39  Widow Mine  
  133  12:41  Terran Vehicle Weapons Level 3  
  133  12:42  Siege Tank  
  140  12:45  Widow Mine  
  142  13:02  Siege Tank x2  
  142  13:03  Hellion x4  
  156  13:07  Raven  
  158  13:14  Siege Tank  
  161  13:35  Siege Tank  
  164  13:43  Supply Depot  
  164  13:45  Supply Depot  
  164  13:56  Hellion  
  164  14:05  Hellion, Siege Tank x2  
  164  14:06  Hellion  
  164  14:07  Hellion x2  
  164  14:09  Widow Mine  
  160  14:17  Siege Tank  
  153  14:27  Hellion  
  153  14:28  Hellion  
  153  14:30  Siege Tank  
  151  14:37  Thor x2  
  142  14:39  Widow Mine  
  142  14:43  Widow Mine  
  135  14:48  Widow Mine  
  135  14:49  Thor  
  118  15:02  Siege Tank  
  103  15:17  Viking  
  103  15:18  Viking x2  
  103  15:20  Thor  
  115  15:22  Hellion  
  115  15:23  Hellion x3  
  112  15:51  Widow Mine, Siege Tank  
  112  15:52  Hellion  
  104  16:03  Widow Mine x3  
Tags
 
Add a new tag
Caveats
  • Supply blocks, unpowered buildings, or Contaminate may cause inaccurate times.
  • Supply counts are checked every 10 seconds.